[Event "Titled Tuesday Blitz November 15 Early 2022"]
[White "Begunov, Konstantin"]
[Black "Winkels, Marcel"]
[WhiteFideId "4118510"]
[BlackFideId "1003887"]
[WhiteElo "2140"]
[BlackElo "1900"]
[Result "1-0"]
[Round "03"]
[TimeControl "180+1"]
[Date "2022.11.16"]
[WhiteClock "0:00:02"]
[BlackClock "0:00:01"]

1. d4 Nf6 2. c4 g6 3. f3 c5 4. dxc5 Qa5+ 5. Nc3 Qxc5 6. e4 d6 7. Qd3 Bg7 8. Be3 Qc6 9. Nge2 O-O 10. Nd4 Qd7 11. Be2 Nc6 12. O-O b6 13. Rac1 Nxd4 14. Bxd4 Bb7 15. Nd5 Nxd5 16. exd5 Bxd4+ 17. Qxd4 Rac8 18. f4 Qc7 19. Kh1 Qc5 20. Qd2 b5 21. b4 Qb6 22. cxb5 Rxc1 23. Rxc1 Qf2 24. Rf1 Qb6 25. f5 Kg7 26. fxg6 hxg6 27. a4 Rc8 28. a5 Qc7 29. a6 Ba8 30. Bf3 Qc3 31. Qg5 Qc4 32. Re1 Qxb4 33. Qxe7 Qc5 34. h3 Bxd5 35. Bxd5 Qxd5 36. Qxa7 Rc2 37. Rg1 Qxb5 38. Qa8 Ra2 39. a7 Qb6 40. Qd5 Rxa7 41. Rf1 Qc5 42. Qf3 Rd7 43. Qf6+ Kg8 44. Rf4 Qe5 45. h4 Qxf6 46. Rxf6 1-0


[Site "https://www.chess.com"]

[Event "Titled Tuesday Blitz November 15 Early 2022"]
[White "Besedes, Danilo"]
[Black "Boruchovsky, Avital"]
[WhiteFideId "946796"]
[BlackFideId "2800055"]
[WhiteElo "2352"]
[BlackElo "2458"]
[Result "1/2-1/2"]
[Round "03"]
[TimeControl "180+1"]
[Date "2022.11.16"]
[WhiteClock "0:00:04"]
[BlackClock "0:00:14"]

1. Nf3 b6 2. e3 Bb7 3. d4 Nf6 4. Bd3 c5 5. b3 g6 6. Bb2 Bg7 7. O-O O-O 8. c4 cxd4 9. exd4 d5 10. Re1 Nc6 11. Nbd2 Rc8 12. a3 dxc4 13. bxc4 e6 14. Nb3 Qc7 15. Qe2 Rfd8 16. Rac1 Qb8 17. Ng5 Re8 18. h3 Nh5 19. Qd2 Qf4 20. Qxf4 Nxf4 21. Bf1 Red8 22. Red1 Ne7 23. g3 Nh5 24. Be2 Nf6 25. a4 Nf5 26. a5 Bh6 27. h4 Ne4 28. axb6 axb6 29. Bf3 Bxg5 30. hxg5 Rb8 31. Bxe4 Bxe4 32. d5 exd5 33. cxd5 Rxd5 34. Rxd5 Bxd5 35. Nd4 Nxd4 36. Bxd4 b5 37. Be5 Re8 38. Bd6 Kg7 39. f4 Bc4 40. Be5+ Kg8 41. Rd1 h6 42. Bf6 Kh7 43. Rd8 Rxd8 44. Bxd8 b4 45. Bf6 b3 46. Kf2 h5 47. Ke3 Kg8 48. Kd2 Kf8 49. Kc3 Be6 50. Kb4 Ke8 51. Kc5 Kd7 52. Be5 Bg4 53. Kb4 Bd1 54. Kc3 Ke6 55. Kd2 Bc2 56. Ke3 Kf5 57. Kf3 Be4+ 58. Ke3 Bc6 59. Kf2 Kg4 60. Bd4 h4 61. gxh4 Kxf4 62. Bf6 Kg4 63. Ke2 Kxh4 64. Kd2 Bd5 65. Kc1 Kg4 66. Kb2 Kf3 67. Kb1 Ke2 68. Kb2 Kd3 69. Kb1 Kc4 70. Kb2 Be4 71. Ka3 Bc2 72. Kb2 Kb4 73. Be7+ Ka4 74. Bf6 Be4 75. Be5 f5 76. gxf6 Bd5 77. Bf4 Kb4 78. Bg5 Kc4 79. Bf4 Kd3 80. Kc1 Ke4 81. Bd2 Kf5 82. Bc3 g5 83. Kd2 Kf4 84. Ke2 g4 85. Kf2 g3+ 86. Kg1 Kf3 87. Bb2 Ke3 88. Ba1 Kf4 89. Bb2 Kg4 90. Ba1 Kf3 91. Bb2 Ke3 92. Ba1 Ke2 93. Bb2 Kd2 94. f7 Kc2 95. Bd4 Bxf7 96. Kg2 b2 97. Bxb2 Kxb2 98. Kxg3 1/2-1/2


[Site "https://www.chess.com"]

[Event "Titled Tuesday Blitz November 15 Early 2022"]
[White "Bethke, Richard"]
[Black "Sarana, Alexey"]
[WhiteFideId "12959243"]
[BlackFideId "24133795"]
[WhiteElo "2369"]
[BlackElo "2708"]
[Result "0-1"]
[Round "03"]
[TimeControl "180+1"]
[Date "2022.11.16"]
[WhiteClock "0:00:02"]
[BlackClock "0:01:13"]

1. e4 c5 2. Nf3 d6 3. d4 cxd4 4. Nxd4 Nf6 5. Nc3 a6 6. Be3 e5 7. Nf3 Qc7 8. Nd5 Nxd5 9. exd5 Be7 10. c4 f5 11. Be2 O-O 12. c5 dxc5 13. Qb3 Kh8 14. Bg5 Bd6 15. a4 Nd7 16. h4 e4 17. Nd2 Ne5 18. Nc4 Nxc4 19. Bxc4 Bd7 20. a5 h6 21. Qe3 f4 22. Qc3 Rae8 23. O-O-O Be5 24. Qa3 Qd6 25. g4 Bxg4 26. Rdg1 Bf3 27. Rh3 Bd4 28. Rh2 e3 29. Re1 hxg5 30. hxg5+ Kg8 31. g6 Rf6 32. Qb3 Rxg6 33. Qb6 e2 34. Kd2 Re7 35. Rg1 Rxg1 36. Qxd6 e1=Q+ 37. Kc2 Qd1# 0-1


[Site "https://www.chess.com"]

[Event "Titled Tuesday Blitz November 15 Early 2022"]
[White "Biastoch, Bennet"]
[Black "Santos Ruiz, Miguel"]
[WhiteFideId "12939889"]
[BlackFideId "22291482"]
[WhiteElo "2221"]
[BlackElo "2503"]
[Result "0-1"]
[Round "03"]
[TimeControl "180+1"]
[Date "2022.11.16"]
[WhiteClock "0:00:25"]
[BlackClock "0:00:26"]

1. Nf3 d5 2. g3 Nd7 3. d4 Nb6 4. Bg2 Bf5 5. c3 e6 6. O-O Be7 7. Re1 Nf6 8. Bf4 O-O 9. Nh4 Re8 10. Nxf5 exf5 11. Nd2 Bd6 12. Bg5 h6 13. Bxf6 Qxf6 14. a4 a5 15. e3 c6 16. Qf3 g6 17. h4 h5 18. b3 Rad8 19. Rec1 Nc8 20. c4 Bb4 21. Rc2 Bxd2 22. Rxd2 Nd6 23. c5 Ne4 24. Rc2 Qe7 25. Re1 Kg7 26. Qd1 Nf6 27. Qd2 Qc7 28. Rb2 Ne4 29. Bxe4 fxe4 30. b4 g5 31. hxg5 h4 32. Kg2 Rh8 33. Qe2 hxg3 34. fxg3 Qd7 35. Rg1 Rh3 36. Qf2 Rdh8 37. Qf6+ Kg8 38. Rf2 Rh2+ 39. Kf1 Rxf2+ 40. Kxf2 axb4 41. g4 Rh3 42. Rg3 Rxg3 43. Kxg3 Qe8 44. Qf2 b6 45. Qb2 bxc5 46. dxc5 Qb8+ 47. Kg2 b3 48. a5 Qb5 49. a6 Qxa6 50. Qxb3 Qe2+ 51. Kg1 Qxg4+ 52. Kf2 Qxg5 53. Qb8+ Kg7 54. Qd6 Qf6+ 55. Ke2 Qxd6 56. cxd6 Kf6 57. Kd2 Ke6 58. d7 Kxd7 59. Kc3 Kd6 60. Kd4 c5+ 61. Kc3 Ke5 62. Kd2 f5 63. Ke2 d4 0-1


[Site "https://www.chess.com"]

[Event "Titled Tuesday Blitz November 15 Early 2022"]
[White "Bilan, Danila"]
[Black "Pranav, V"]
[WhiteFideId "24161918"]
[BlackFideId "25060783"]
[WhiteElo "2173"]
[BlackElo "2430"]
[Result "0-1"]
[Round "03"]
[TimeControl "180+1"]
[Date "2022.11.16"]
[WhiteClock "0:00:03"]
[BlackClock "0:00:14"]

1. d4 Nf6 2. Nf3 b6 3. g3 Bb7 4. Bg2 g6 5. O-O Bg7 6. c4 O-O 7. Nc3 d5 8. Ne5 c6 9. e4 dxe4 10. Nxe4 Qc8 11. Qf3 Nfd7 12. Bf4 Nxe5 13. Bxe5 Nd7 14. Bxg7 Kxg7 15. Rad1 Rd8 16. Rfe1 Qc7 17. Qc3 Nf6 18. Nxf6 exf6 19. b3 Rd6 20. Rd2 Rad8 21. Red1 Bc8 22. d5 Bg4 23. Bf3 h5 24. Bxg4 hxg4 25. Qd4 cxd5 26. cxd5 Qd7 27. Rd3 Qf5 28. Kg2 Qh5 29. Kg1 Rh8 30. h4 gxh3 31. Kh2 Re8 32. Qf4 Qe2 33. R1d2 Qf1 34. Qf3 Re1 35. Rd1 Qg1+ 36. Kxh3 Rd8 37. Rxe1 Rh8+ 38. Kg4 Qxe1 39. d6 f5+ 40. Kf4 Kf6 41. Qe3 g5+ 42. Kf3 Qxe3+ 43. fxe3 Ke5 44. d7 Rd8 45. g4 fxg4+ 46. Kxg4 f6 0-1


[Site "https://www.chess.com"]

[Event "Titled Tuesday Blitz November 15 Early 2022"]
[White "Bluebaum, Matthias"]
[Black "Narayanan, Srinath"]
[WhiteFideId "24651516"]
[BlackFideId "5018420"]
[WhiteElo "2633"]
[BlackElo "2459"]
[Result "1-0"]
[Round "03"]
[TimeControl "180+1"]
[Date "2022.11.15"]
[WhiteClock "0:00:39"]
[BlackClock "0:00:20"]

1. d4 Nf6 2. c4 e6 3. Nc3 Bb4 4. e3 O-O 5. Bd2 d5 6. Nf3 b6 7. cxd5 exd5 8. Rc1 c5 9. a3 Bxc3 10. Bxc3 c4 11. Ne5 Re8 12. Be2 Bb7 13. O-O Nc6 14. b3 b5 15. bxc4 dxc4 16. Bf3 Qc7 17. Nxc6 Bxc6 18. d5 Bb7 19. Qd4 Rad8 20. e4 a6 21. Rfe1 Qf4 22. Rcd1 h5 23. Qb6 Rd7 24. Qd4 h4 25. h3 Kh7 26. Re3 Kg8 27. Rde1 Qg5 28. Qb6 Nh5 29. Bg4 Nf4 30. g3 hxg3 31. fxg3 Nxd5 32. exd5 Rxe3 33. Rxe3 Qxd5 34. Re8+ Kh7 35. Rh8+ Kxh8 36. Qh6+ Kg8 37. Qxg7# 1-0


[Site "https://www.chess.com"]

[Event "Titled Tuesday Blitz November 15 Early 2022"]
[White "Boros, Denes"]
[Black "Korelskiy, Egor"]
[WhiteFideId "722340"]
[BlackFideId "34329064"]
[WhiteElo "2464"]
[BlackElo "2043"]
[Result "1-0"]
[Round "03"]
[TimeControl "180+1"]
[Date "2022.11.16"]
[WhiteClock "0:01:09"]
[BlackClock "0:00:19"]

1. d4 d5 2. Nc3 Nf6 3. Nf3 e6 4. Bg5 c5 5. e4 Be7 6. exd5 exd5 7. dxc5 O-O 8. Bd3 h6 9. Bh4 Bxc5 10. O-O Be6 11. h3 Nc6 12. Ne2 Be7 13. Ned4 Qd7 14. Re1 Rae8 15. Bb5 Qc8 16. c3 a6 17. Ba4 b5 18. Bc2 Na5 19. Ne5 Nc4 20. Bxf6 Bxf6 21. Qd3 g6 22. Nxg6 Nxb2 23. Ne7+ 1-0


[Site "https://www.chess.com"]

[Event "Titled Tuesday Blitz November 15 Early 2022"]
[White "Budrewicz, Krzysztof"]
[Black "Svane, Frederik"]
[WhiteFideId "1127950"]
[BlackFideId "12923044"]
[WhiteElo "2626"]
[BlackElo "2861"]
[Result "1/2-1/2"]
[Round "03"]
[TimeControl "180+1"]
[Date "2022.11.16"]
[WhiteClock "0:00:18"]
[BlackClock "0:00:12"]

1. d4 Nf6 2. c4 e6 3. Nf3 d5 4. Nc3 dxc4 5. Bg5 a6 6. a4 c5 7. e3 cxd4 8. exd4 Qc7 9. Ne5 Nc6 10. Nxc4 Be7 11. Be2 O-O 12. O-O Rd8 13. Be3 Nb4 14. Rc1 Bd7 15. Ne5 Bc6 16. Nxc6 bxc6 17. Qb3 Rab8 18. Qc4 a5 19. g3 Qb7 20. Rfd1 h6 21. Nb1 Nfd5 22. Nd2 Nxe3 23. fxe3 Bg5 24. Nf1 Nd5 25. Rd3 Qxb2 26. Bf3 Rdc8 27. h4 Be7 28. e4 Nb6 29. Qc3 Nxa4 30. Qxb2 Nxb2 31. Rdc3 c5 32. d5 Bf6 33. Ra3 exd5 34. exd5 c4 35. Nd2 Bd4+ 36. Kh2 c3 37. Ne4 Nd3 38. Rd1 c2 39. Raxd3 cxd1=Q 40. Rxd1 Be5 41. d6 Rd8 42. d7 Rb5 43. h5 a4 44. Bg4 a3 45. Re1 a2 46. Nc3 Bxc3 47. Re8+ Kh7 48. Rxd8 a1=Q 49. Rh8+ Kxh8 50. d8=Q+ Kh7 51. Qd3+ g6 52. hxg6+ Kg7 53. Qxb5 Kxg6 54. Qd3+ Kg7 55. Qe2 Bf6 56. Bh3 Qc3 57. Bg2 Be5 58. Qf3 Qd4 59. Qe4 Qc3 60. Qg4+ Kf8 61. Qf3 Qe1 62. Kh3 h5 63. Qa8+ Kg7 64. Qf3 Kh6 65. Qd3 Kg5 66. Qf3 h4 67. g4 Qg3+ 68. Qxg3 hxg3 69. Be4 Kf4 70. Bf5 f6 71. Kg2 Ke3 72. Be6 Kf4 73. Bf5 Kg5 74. Be6 Kh4 75. Bf5 Bd4 76. Be6 Kg5 77. Bf5 Bf2 78. Be6 Kf4 79. Bf5 Ke5 80. Bg6 Kd6 81. Bf5 Kc5 82. Bg6 Kd4 83. Bf5 Ke5 84. Bg6 Kf4 85. Bf5 Kg5 86. Be6 Kf4 87. Bf5 1/2-1/2


[Site "https://www.chess.com"]

[Event "Titled Tuesday Blitz November 15 Early 2022"]
[White "Buksa, Nataliya"]
[Black "Artemenko, Oleg"]
[WhiteFideId "14123622"]
[BlackFideId "14201798"]
[WhiteElo "2568"]
[BlackElo "2851"]
[Result "1-0"]
[Round "03"]
[TimeControl "180+1"]
[Date "2022.11.16"]
[WhiteClock "0:01:01"]
[BlackClock "0:00:06"]

1. d4 Nf6 2. Nc3 d5 3. Bf4 Bf5 4. e3 a6 5. Nf3 e6 6. Ne5 h5 7. Bd3 Bxd3 8. cxd3 Nbd7 9. O-O Nxe5 10. Bxe5 Nd7 11. h3 Nxe5 12. dxe5 c6 13. d4 Be7 14. Qe2 Qa5 15. a3 g5 16. b4 Qd8 17. g3 Kf8 18. Kg2 Kg7 19. Rfb1 Qg8 20. a4 Qh7 21. b5 cxb5 22. axb5 Rhc8 23. Rb3 a5 24. Kh2 Bb4 25. Rc1 Rc4 26. Na2 Rxc1 27. Nxc1 Rc8 28. Nd3 Be7 29. Nc5 Bxc5 30. Rc3 Kh6 31. dxc5 Qe4 32. c6 Qxe5 33. cxb7 1-0


[Site "https://www.chess.com"]

[Event "Titled Tuesday Blitz November 15 Early 2022"]
[White "Bulatova, Kamaliya"]
[Black "Tymrakiewicz, Rafal"]
[WhiteFideId "34111546"]
[BlackFideId "1108832"]
[WhiteElo "2039"]
[BlackElo "2138"]
[Result "0-1"]
[Round "03"]
[TimeControl "180+1"]
[Date "2022.11.16"]
[WhiteClock "0:00:13"]
[BlackClock "0:00:25"]

1. d4 Nf6 2. Bf4 c5 3. d5 Qb6 4. Nc3 g6 5. e4 d6 6. Bb5+ Bd7 7. Be2 Bg7 8. f3 Qxb2 9. Bd2 Qb6 10. Rb1 Qc7 11. g4 a6 12. a4 O-O 13. h4 e6 14. h5 exd5 15. Nxd5 Nxd5 16. exd5 Re8 17. Nh3 b5 18. Ng5 c4 19. hxg6 hxg6 20. Kf1 Qc5 21. Qe1 Qxd5 22. Rd1 Qe5 23. Bb4 Qxg5 24. Bxd6 Nc6 25. f4 Qf6 26. g5 Qe6 27. Rd2 Re7 28. Qh4 Rae8 29. Qh7+ Kf8 30. Bxe7+ Rxe7 31. Qh4 c3 32. Rd3 Qxe2+ 33. Kg1 Qe1+ 34. Qxe1 Rxe1+ 35. Kg2 Rxh1 36. Kxh1 Ke7 37. axb5 axb5 38. Kg2 b4 39. Kf3 Be6 40. Ke4 b3 41. cxb3 c2 0-1


[Site "https://www.chess.com"]

[Event "Titled Tuesday Blitz November 15 Early 2022"]
[White "Calcada, Lucas Galvan"]
[Black "Mejia, Cherry Ann"]
[WhiteFideId "22746099"]
[BlackFideId "5206880"]
[WhiteElo "1523"]
[BlackElo "2007"]
[Result "0-1"]
[Round "03"]
[TimeControl "180+1"]
[Date "2022.11.16"]
[WhiteClock "0:00:06"]
[BlackClock "0:00:06"]

1. e4 c5 2. Nf3 Nc6 3. d4 cxd4 4. Nxd4 Qb6 5. Nb3 Nf6 6. Nc3 e6 7. Be3 Qc7 8. Be2 a6 9. a4 b6 10. O-O Be7 11. f4 d6 12. Bf3 Bb7 13. g4 O-O 14. g5 Nd7 15. Bg2 Rac8 16. Rf3 Nb4 17. Rh3 g6 18. Rc1 Nc5 19. Qg4 d5 20. exd5 Nxd5 21. Bd4 Qxf4 22. Rxh7 e5 23. Qh3 f6 24. Rh8+ Kf7 25. Qh7+ Ke8 26. Qxg6+ Kd7 27. Rxf8 Rxf8 28. Rf1 Qxg5 29. Qxg5 fxg5 30. Bxe5 Nxc3 31. Bxc3 Bxg2 32. Kxg2 Rxf1 33. Kxf1 Nxa4 34. Bd2 Nxb2 35. Bc1 Nc4 36. Ke2 a5 37. Kd3 Ne5+ 38. Ke4 Ke6 39. h3 Nd7 0-1


[Site "https://www.chess.com"]

[Event "Titled Tuesday Blitz November 15 Early 2022"]
[White "Cardoso Cardoso, Jose Gabriel"]
[Black "Hajiyev, Kanan"]
[WhiteFideId "4430492"]
[BlackFideId "13404148"]
[WhiteElo "2484"]
[BlackElo "2118"]
[Result "1/2-1/2"]
[Round "03"]
[TimeControl "180+1"]
[Date "2022.11.16"]
[WhiteClock "0:00:04"]
[BlackClock "0:00:17"]

1. Nf3 d5 2. g3 Nf6 3. Bg2 g6 4. O-O Bg7 5. d4 O-O 6. a4 a5 7. Nc3 Bf5 8. Ne5 Nbd7 9. Bg5 c6 10. Bxf6 exf6 11. Nxd7 Qxd7 12. e3 Rfe8 13. Ne2 Bh3 14. Nf4 Bxg2 15. Kxg2 f5 16. Rc1 b5 17. b3 Rab8 18. Nd3 Bf8 19. c4 dxc4 20. bxc4 bxc4 21. Nf4 Rb4 22. Qe2 Rxa4 23. Rxc4 Rxc4 24. Qxc4 Bh6 25. Rc1 Bxf4 26. gxf4 Qd5+ 27. Kg3 Ra8 28. Qa4 h5 29. h4 Kg7 30. f3 Ra6 31. Rc5 Qd8 32. Rxc6 Rxc6 33. Qxc6 Qb8 34. Qc3 Qb4 35. Qa1 a4 36. d5+ Kg8 37. d6 Qxd6 38. Qxa4 Qd2 39. Qe8+ Kg7 40. Qe5+ Kg8 41. Qe8+ Kg7 42. Qe5+ Kh7 43. Qf6 Qe1+ 44. Kg2 Qe2+ 45. Kg3 Qe1+ 46. Kh3 Qf1+ 47. Kg3 Qg1+ 48. Kh3 Kg8 49. Qd8+ Kg7 50. Qd4+ Kh7 51. Qd2 Qf1+ 52. Kg3 Qg1+ 53. Qg2 Qxe3 54. Qf1 Kg7 55. Qa1+ Kg8 56. Qa8+ Kg7 57. Qa1+ Kh7 58. Qb1 Qe2 59. Qa1 Qd2 60. Qb1 Qd7 61. Qb3 Qe6 62. Qc3 Kg8 63. Qc7 Kg7 64. Qc3+ Qf6 65. Qc2 Qe6 66. Qb2+ Qf6 67. Qb1 Kg8 68. Qa2 Qe6 69. Qb2 Kf8 70. Qb8+ Ke7 71. Qb1 Kf6 72. Qb2+ Ke7 73. Qb7+ Qd7 74. Qb4+ Qd6 75. Qb7+ Kf6 76. Qb2+ Ke6 77. Qb3+ Qd5 78. Qb6+ Ke7 79. Qa7+ Kd6 80. Qb8+ Kc5 81. Qc7+ Kd4 82. Qc2 Qc4 83. Qd2+ Kc5 84. Qa5+ Kd4 85. Qd2+ Kc5 86. Qa5+ Kc6 87. Qa7 Kb5 88. Qb7+ Ka4 89. Qb2 Qb3 90. Qd4+ Ka3 91. Qc5+ Kb2 92. Qc7 Kb1 93. Qc5 Kb2 94. Qd4+ Kc2 95. Qc5+ Kd3 96. Qd6+ Kc3 97. Qe5+ Kd3 98. Qe1 Qd5 99. Qd1+ Kc4 100. Qc2+ Kd4 101. Qd2+ Kc5 102. Qa5+ Kd4 103. Qb4+ Qc4 1/2-1/2


[Site "https://www.chess.com"]

[Event "Titled Tuesday Blitz November 15 Early 2022"]
[White "Caruana, Fabiano"]
[Black "Pakleza, Zbigniew"]
[WhiteFideId "2020009"]
[BlackFideId "1119290"]
[WhiteElo "2847"]
[BlackElo "2411"]
[Result "1-0"]
[Round "03"]
[TimeControl "180+1"]
[Date "2022.11.15"]
[WhiteClock "0:01:43"]
[BlackClock "0:00:29"]

1. c4 c6 2. d4 d5 3. Nf3 Nf6 4. e3 Bf5 5. Nc3 e6 6. Nh4 Be4 7. f3 Bg6 8. Bd2 Nbd7 9. Nxg6 hxg6 10. Qc2 Bd6 11. O-O-O Qc7 12. cxd5 exd5 13. e4 dxe4 14. fxe4 Be7 15. e5 Nh7 16. Bc4 Nb6 17. Bb3 Ng5 18. Kb1 Qd7 19. Bxg5 Bxg5 20. e6 fxe6 21. Qxg6+ 1-0


[Site "https://www.chess.com"]

[Event "Titled Tuesday Blitz November 15 Early 2022"]
[White "Cheparinov, Ivan"]
[Black "Gheorghiu, Calin"]
[WhiteFideId "2905540"]
[BlackFideId "1200305"]
[WhiteElo "2622"]
[BlackElo "2225"]
[Result "1-0"]
[Round "03"]
[TimeControl "180+1"]
[Date "2022.11.16"]
[WhiteClock "0:01:29"]
[BlackClock "0:00:01"]

1. e4 e6 2. d4 d5 3. Nc3 Bb4 4. e5 c5 5. a3 Bxc3+ 6. bxc3 Qc7 7. Qg4 Ne7 8. Bd3 cxd4 9. Ne2 dxc3 10. Qxg7 Rg8 11. Qxh7 Nd7 12. Bf4 Nc5 13. O-O Bd7 14. Bg3 Nxd3 15. Qxd3 Rc8 16. Rab1 a6 17. Nd4 Qc4 18. Qe3 Nc6 19. Nxc6 Bxc6 20. Rb4 Qa2 21. Qxc3 d4 22. Rxd4 Rg5 23. Rfd1 Kf8 24. Ra1 Qxa1+ 25. Qxa1 1-0


[Site "https://www.chess.com"]

[Event "Titled Tuesday Blitz November 15 Early 2022"]
[White "Ciuffoletti, Paolo"]
[Black "Shuvalov, Evgenij"]
[WhiteFideId "807630"]
[BlackFideId "4187237"]
[WhiteElo "2143"]
[BlackElo "2049"]
[Result "0-1"]
[Round "03"]
[TimeControl "180+1"]
[Date "2022.11.16"]
[WhiteClock "0:00:04"]
[BlackClock "0:00:40"]

1. e4 e6 2. d4 d5 3. e5 c5 4. c3 Nc6 5. Nf3 Qb6 6. a3 Bd7 7. b4 cxd4 8. cxd4 Rc8 9. Bb2 Nge7 10. Nc3 Na5 11. Na4 Qc6 12. Nc5 Nc4 13. Bxc4 dxc4 14. Rc1 b6 15. Nxd7 Qxd7 16. Nd2 b5 17. O-O Nd5 18. Ne4 Be7 19. Qg4 O-O 20. Qg3 Qb7 21. f4 f5 22. exf6 Nxf6 23. Nxf6+ Bxf6 24. Rce1 Qd5 25. Qg4 Bxd4+ 26. Bxd4 Qxd4+ 27. Kh1 Rc6 28. Rxe6 Rxe6 29. Qxe6+ Kh8 30. Qe7 Qf6 31. Qxf6 Rxf6 32. g3 Ra6 33. Rd1 h5 34. Rd5 Rxa3 35. Rxh5+ Kg8 36. Rxb5 c3 37. Rc5 Rb3 38. b5 Kf7 39. Kg2 Ke6 40. Kf2 Kd6 41. Rc6+ Kd5 42. Ke2 Kd4 43. Rd6+ Kc4 44. Rd7 Rb2+ 45. Kd1 Rxh2 46. Rxg7 c2+ 47. Kc1 Kb3 48. Rc7 Rh1+ 49. Kd2 Rd1+ 50. Ke2 c1=Q 51. Rxc1 Rxc1 52. f5 Kc4 53. g4 Kd5 0-1


[Site "https://www.chess.com"]

[Event "Titled Tuesday Blitz November 15 Early 2022"]
[White "Cramling Bellon, Anna"]
[Black "Saya, Ethan"]
[WhiteFideId "32009232"]
[BlackFideId "26095181"]
[WhiteElo "1972"]
[BlackElo "2162"]
[Result "1-0"]
[Round "03"]
[TimeControl "180+1"]
[Date "2022.11.16"]
[WhiteClock "0:00:17"]
[BlackClock "0:00:04"]

1. d4 Nf6 2. c4 e6 3. Nc3 Bb4 4. Qc2 O-O 5. e4 d5 6. cxd5 exd5 7. e5 Ne4 8. Bd3 c5 9. dxc5 Qa5 10. Ne2 Nxc3 11. bxc3 Bxc5 12. Bxh7+ Kh8 13. O-O Nc6 14. Bf4 Bg4 15. Bf5 Bxf5 16. Qxf5 Rae8 17. Rad1 Qxa2 18. Rd3 Kg8 19. Rh3 f6 20. e6 Rxe6 21. Qxe6+ Rf7 22. Ng3 Bf8 23. Rh8+ Kxh8 24. Qxf7 Qa3 25. h3 a5 26. Re1 Ne5 27. Bxe5 fxe5 28. Rxe5 Qc1+ 29. Kh2 Bd6 30. Rh5+ Qh6 31. Rxh6+ gxh6 32. Qf6+ Kh7 33. Qxd6 1-0


[Site "https://www.chess.com"]

[Event "Titled Tuesday Blitz November 15 Early 2022"]
[White "D`Arruda, Ricardo D."]
[Black "Tarigan, Gilbert Elroy"]
[WhiteFideId "100692"]
[BlackFideId "7108133"]
[WhiteElo "2488"]
[BlackElo "2284"]
[Result "0-1"]
[Round "03"]
[TimeControl "180+1"]
[Date "2022.11.16"]
[WhiteClock "0:01:36"]
[BlackClock "0:01:28"]

1. d4 Nf6 2. Nf3 c5 3. d5 e6 4. Nc3 b5 5. e4 b4 6. e5 bxc3 7. exf6 Qxf6 8. bxc3 Be7 9. d6 Bxd6 10. Qxd6 Qxc3+ 11. Kd1 Qxa1 12. Bd3 Bb7 13. Qc7 Bxf3+ 14. gxf3 O-O 15. Qxc5 Nc6 16. Rg1 Rac8 17. Ke2 Qe5+ 18. Qxe5 Nxe5 19. Bb2 f6 20. Bd4 Nxd3 21. Kxd3 Rc7 22. f4 Kf7 23. c3 Rb8 0-1


[Site "https://www.chess.com"]

[Event "Titled Tuesday Blitz November 15 Early 2022"]
[White "Darini, Pouria"]
[Black "Tang, Andrew"]
[WhiteFideId "12502200"]
[BlackFideId "2059630"]
[WhiteElo "2483"]
[BlackElo "2581"]
[Result "0-1"]
[Round "03"]
[TimeControl "180+1"]
[Date "2022.11.15"]
[WhiteClock "0:00:01"]
[BlackClock "0:01:33"]

1. e4 e5 2. Nf3 Nc6 3. Bb5 g6 4. O-O Bg7 5. c3 a6 6. Ba4 b5 7. Bc2 d6 8. d4 exd4 9. cxd4 Bg4 10. Be3 Bxf3 11. gxf3 Qf6 12. Nc3 Nge7 13. d5 Ne5 14. f4 Nc4 15. Bc1 O-O 16. Rb1 Rfe8 17. Ne2 Qh4 18. b3 Nb6 19. Qd3 c6 20. dxc6 Nxc6 21. Qg3 Qh5 22. Bd1 Nd7 23. Nd4 Qc5 24. Nxc6 Qxc6 25. Bf3 Rac8 26. Be3 Qc2 27. Rbd1 Nf6 28. Rxd6 Nxe4 29. Bxe4 Qxe4 30. Rfd1 a5 31. Qg2 Qc2 32. Rd7 Qf5 33. Qd5 Qg4+ 34. Qg2 Qe2 35. Qd5 Re6 36. Rd8+ Rxd8 37. Qxd8+ Bf8 38. Qd2 Qg4+ 39. Kh1 Rd6 40. Bd4 Bg7 41. Re1 Bxd4 0-1


[Site "https://www.chess.com"]

[Event "Titled Tuesday Blitz November 15 Early 2022"]
[White "Demin, Vladimir"]
[Black "Abhishek, Das"]
[WhiteFideId "4167457"]
[BlackFideId "5013348"]
[WhiteElo "2549"]
[BlackElo "2230"]
[Result "1-0"]
[Round "03"]
[TimeControl "180+1"]
[Date "2022.11.16"]
[WhiteClock "0:01:02"]
[BlackClock "0:00:33"]

1. d4 d5 2. Nc3 c5 3. Bf4 Nc6 4. e4 Nxd4 5. Nxd5 Ne6 6. Qf3 Nf6 7. O-O-O Nxd5 8. Bb5+ Bd7 9. Rxd5 Bxb5 10. Rxd8+ Rxd8 11. Be3 g6 12. h4 h5 13. Nh3 Bg7 14. Ng5 Nxg5 15. hxg5 Bd7 16. Bxc5 b6 17. Bb4 Be6 18. Qa3 Rd7 19. Rd1 Rxd1+ 20. Kxd1 O-O 21. Qxa7 Rd8+ 22. Ke1 Rd4 23. c3 Rxe4+ 24. Kd1 b5 25. Qa8+ 1-0


[Site "https://www.chess.com"]

[Event "Titled Tuesday Blitz November 15 Early 2022"]
[White "Desideri, Ricardo Maruchi"]
[Black "Omariev, Maksim"]
[WhiteFideId "2110440"]
[BlackFideId "4193423"]
[WhiteElo "1945"]
[BlackElo "2526"]
[Result "0-1"]
[Round "03"]
[TimeControl "180+1"]
[Date "2022.11.16"]
[WhiteClock "0:01:24"]
[BlackClock "0:01:03"]

1. e4 c5 2. Nf3 d6 3. d4 cxd4 4. Nxd4 Nf6 5. Nc3 a6 6. Rg1 b5 7. g4 Bb7 8. Bd3 b4 9. g5 bxc3 10. gxf6 cxb2 11. Bxb2 gxf6 12. Qh5 Nd7 13. f4 Qb6 14. O-O-O Qc5 15. Ne6 Qxh5 0-1


[Site "https://www.chess.com"]

[Event "Titled Tuesday Blitz November 15 Early 2022"]
[White "Deuer, Marius"]
[Black "Marchesich, Giovanni"]
[WhiteFideId "16236432"]
[BlackFideId "2824790"]
[WhiteElo "2226"]
[BlackElo "2200"]
[Result "1-0"]
[Round "03"]
[TimeControl "180+1"]
[Date "2022.11.16"]
[WhiteClock "0:01:12"]
[BlackClock "0:00:20"]

1. d4 d6 2. Nc3 g6 3. h4 h5 4. e4 Bg7 5. Nf3 a6 6. Bc4 e6 7. a4 Nd7 8. Qe2 Nh6 9. Bg5 Bf6 10. Bxh6 Rxh6 11. e5 Bg7 12. exd6 cxd6 13. O-O-O Qc7 14. Bb3 Nf6 15. Ng5 Kf8 16. f4 d5 17. g3 Bd7 18. Nf3 Ng4 19. Ne5 Bxe5 20. fxe5 b5 21. Rhf1 Kg7 22. Rf4 bxa4 23. Bxa4 Bb5 24. Bxb5 axb5 25. Qxb5 Ne3 26. Rd3 Ra1+ 27. Kd2 Nc4+ 28. Ke2 Rb1 29. Rdf3 Rxb2 30. Rxf7+ Qxf7 31. Rxf7+ Kxf7 32. Qd7+ Kf8 33. Qd8+ Kf7 34. Qf6+ Kg8 35. Qxe6+ Kh7 36. Qf7+ Kh8 37. Qf8+ Kh7 38. Nxd5 Rxc2+ 39. Kd3 1-0


[Site "https://www.chess.com"]

[Event "Titled Tuesday Blitz November 15 Early 2022"]
[White "Devaev, Alexander"]
[Black "Mgeladze, Tamaz"]
[WhiteFideId "4169395"]
[BlackFideId "13601202"]
[WhiteElo "2225"]
[BlackElo "2288"]
[Result "0-1"]
[Round "03"]
[TimeControl "180+1"]
[Date "2022.11.16"]
[WhiteClock "0:00:01"]
[BlackClock "0:01:23"]

1. d4 Nf6 2. c4 g6 3. Nc3 Bg7 4. e4 O-O 5. Nf3 d6 6. h3 e5 7. d5 a5 8. Bg5 Na6 9. Be2 Qe8 10. g4 Nd7 11. Rg1 Ndc5 12. h4 Bd7 13. h5 c6 14. Nd2 Nb4 15. Nf1 b5 16. Ne3 cxd5 17. cxd5 Nba6 18. f3 b4 19. Nb1 Bb5 20. Kf2 f6 21. Bh4 Bh6 22. Nd2 Bxe3+ 23. Kxe3 g5 24. Be1 Rc8 25. Kf2 a4 26. Kg3 Qd7 27. Rc1 Rc7 28. Bf2 Rfc8 29. Bxc5 Nxc5 30. Bxb5 Qxb5 31. Qf1 Qxf1 32. Rcxf1 Nd3 33. b3 a3 34. Nc4 Rxc4 35. bxc4 Rxc4 36. Rd1 Rc3 37. Rb1 Rc2 38. Rg2 Rc3 39. Rd2 Nc5 40. Kg2 Nd3 41. Kg3 Kf7 42. Kg2 Ke7 43. Rbd1 Nb2 44. Rb1 Nc4 45. Rf2 Nb2 0-1


[Site "https://www.chess.com"]